 Dungeon Crawl Stone Soup version 0.31-a0-845-g9abc20d24f (webtiles) character file.

Game seed: 8821232765662888454

258 Nedwor the Slasher (level 6, -7/48 HPs)
             Began as a Merfolk Gladiator on Oct 2, 2023.
             Was a Believer of Uskayaw.
             Killed by divine providence
             ... invoked by an orc priest
              (13 damage)
             ... on level 4 of the Dungeon.
             The game lasted 00:03:49 (2735 turns).

Nedwor the Slasher (Merfolk Gladiator)              Turns: 2735, Time: 00:03:50

Health: -7/48      AC:  5    Str: 15    XL:     6   Next: 16%
Magic:  6/6        EV: 14    Int:  7    God:    Uskayaw [**....]
Gold:   184        SH:  0    Dex: 17    Spells: 5/5 levels left

rFire   . . .        a - +1 long sword
rCold   . . .        (no shield)
rNeg    . . .        b - +0 leather armour
rPois   +            c - +0 helmet
rElec   .            (no cloak)
rCorr   .            o - +0 pair of gloves
SInv    .            (no boots)
Will    .....        (no amulet)
Stlth   +            m - ring of poison resistance
HPRegen 0.28/turn    j - ring of flight
MPRegen 0.10/turn

%: no passive effects
@: flying
A: (nimble swimmer 2), mertail
a: Renounce Religion, Stomp, Line Pass


You were on level 4 of the Dungeon.
You worshipped Uskayaw.
Uskayaw was noncommittal.
You visited 1 branch of the dungeon, and saw 4 of its levels.

You collected 184 gold pieces.

Inventory:

Hand Weapons
 a - a +1 long sword (weapon)
Missiles
 d - 3 throwing nets (quivered)
 e - a javelin
Armour
 b - a +0 leather armour (worn)
 c - a +0 helmet (worn)
 o - a +0 pair of gloves (worn)
Jewellery
 j - a ring of flight (right hand)
 m - a ring of poison resistance (left hand)
Scrolls
 g - a scroll of teleportation
 k - a scroll of identify
 p - 2 scrolls of enchant weapon
 r - a scroll of enchant armour {unknown}
Potions
 f - a potion of attraction
 h - a potion of mutation
 i - a potion of curing
 l - a potion of might


   Skills:
 + Level 3.8 Fighting
 * Level 6.3 Long Blades
 - Level 2.0 Throwing
 + Level 5.6 Dodging


You had 5 spell levels left.
You didn't know any spells.
Your spell library contained the following spells:

 Spells                   Type           Power      Damage    Failure   Level
 Sting                    Tmut/Pois      0%         1d3       50%         1
 Poisonous Vapours        Pois/Air       0%         N/A       65%         2
 Olgreb's Toxic Radiance  Pois           0%         N/A       99%         4


Dungeon Overview and Level Annotations

Branches:
Dungeon (4/15)
 Temple: D:4-7

Altars:
Okawaru
Uskayaw

Shops:
D:3 ?


Innate Abilities, Weirdness & Mutations

((You are very nimble when in or above water. (Stealth+, EV+, Speed+++)))
Your lower body shifts to a powerful aquatic tail in water.


Message History

The orc shouts!
The orc priest miscasts a cantrip.
As you read the scroll labelled WYGIGH BEADEIP, it dissolves into smoke.
It was a scroll of fog.
You barely miss the orc. The orc hits you with a +0 dagger.
You slash the orc!
You kill the orc!
The orc priest calls down the wrath of Beogh upon you.
You barely resist. You barely miss the orc. The orc barely misses you.
The orc priest hits you but does no damage.
You slash the orc!
You kill the orc!
You completely miss the orc.
The orc priest invokes the aid of Beogh against you.
Pain shoots through your body! The orc completely misses you.
The orc hits you with a +0 morningstar.
You barely miss the orc. The orc priest hits you with a +0 club.
The orc closely misses you. The orc hits you with a +0 morningstar.
You hit the orc.
The orc is almost dead.
The orc misses you. The orc closely misses you.
The orc priest closely misses you.
You hit the orc priest.
The orc priest is lightly wounded.
The orc priest invokes the aid of Beogh against you.
Beogh smites you!
* * * LOW HITPOINT WARNING * * *
The orc misses you. The orc hits you with a +0 whip.
* * * LOW HITPOINT WARNING * * *
You can now pass through a line of other dancers.
The orc attacks as it pursues you! The orc hits you with a +0 whip.
* * * LOW HITPOINT WARNING * * *
The orc priest barely misses you.
The orc priest hits you but does no damage.
The orc hits you but does no damage.
The orc priest miscasts a cantrip.
The orc priest calls down the wrath of Beogh upon you.
Beogh smites you!
You die...

... ♣.♣.♣.♣.#
......_....#
#.♣.♣.♣.♣.#
#.§§...... #
#####§#§♣§♣.#.#
#
...o§.§§§§....#
###
.....#§oo######
..###.. ...
##o.## .......
. +..@>#
..###.. ####.#
..# #.# ..# #.#
..# #.# ..# #.#
# ..# #.#.#
..#### #.#.#
#....# ##...#


You could see an orc priest and 2 orcs.

Vanquished Creatures
  A water moccasin (D:3)
  8 adders
  A worm (D:3)
  2 dart slugs
  2 orcs (D:4)
  6 ball pythons
  4 endoplasms
  7 giant cockroaches
  15 goblins
  5 hobgoblins
  3 kobolds
  2 quokkas (D:1)
  5 bats
  A frilled lizard (D:1)
  5 rats
67 creatures vanquished.

Notes
Turn   | Place    | Note
-------+----------+-------------------------------------------
     0 | D:1      | Nedwor the Merfolk Gladiator began the quest for the Orb.
     0 | D:1      | Reached XP level 1. HP: 16/16 MP: 1/1
   117 | D:1      | Reached skill level 4 in Long Blades
   117 | D:1      | Reached XP level 2. HP: 23/23 MP: 2/2
   321 | D:1      | Reached XP level 3. HP: 21/28 MP: 3/3
   505 | D:1      | Found a faded altar of an unknown god.
  1197 | D:2      | Reached XP level 4. HP: 30/34 MP: 4/4
  1218 | D:2      | Reached skill level 5 in Long Blades
  1730 | D:3      | Found Plog's Magic Scroll Emporium.
  1793 | D:3      | Reached skill level 5 in Dodging
  1880 | D:3      | Found a hide-covered altar of Uskayaw.
  1886 | D:3      | Became a worshipper of Uskayaw the Reveller
  1938 | D:3      | Reached XP level 5. HP: 41/41 MP: 5/5
  1960 | D:3      | Reached * piety under Uskayaw
  2214 | D:3      | Noticed a water moccasin
  2224 | D:3      | Reached ** piety under Uskayaw
  2235 | D:3      | Killed a water moccasin
  2235 | D:3      | Reached *** piety under Uskayaw
  2236 | D:3      | Reached skill level 6 in Long Blades
  2236 | D:3      | Reached XP level 6. HP: 10/48 MP: 6/6
  2716 | D:4      | Found an iron altar of Okawaru.
  2735 | D:4      | Killed from afar by an orc priest

Illustrated notes

Levels and vault maps discovered:
D:1:      shiori_arrival_elements, layout_basic,
          dilly_ecumenical_altar_fadedgnrine, serial_bayou_lagoon_a,
          minmay_heptomino_d4
D:2:      layout_basic, minivault_4
D:3:      layout_basic, lemuel_doored_altar, serial_shops, shop,
          serial_bayou_pond_d
D:4:      kennysheep_the_goblin_king, layout_basic,
          nicolae_hepliaklqana_hippocampus, jmf_multi_god_temple,
          okawaru_trees_1

Skill      XL: |  1  2  3  4  5 |
---------------+----------------+-----
Long Blades    | 4 5 6 |  6.3
Fighting       | 3 |  3.8
Dodging        | 5 |  5.6
Throwing       | |  2.0

Action                     |  1- 3 |  4- 6 || total
---------------------------+-------+-------++-------
  Melee: Long sword        |    93 |   121 ||   214
         Punch             |       |     3 ||     3
    Use: Scroll            |     6 |     3 ||     9
         Potion            |       |     1 ||     1
   Stab: Sleeping          |     2 |     2 ||     4
 Armour: Leather armour    |    61 |    70 ||   131
  Dodge: Dodged            |    72 |   126 ||   198

Table legend: (Time is in decaauts)
 A = Elapsed time spent in this place.
 B = Non-inter-level travel time spent in this place.
 C = Inter-level travel time spent in this place.
 D = Time resting spent in this place.
 E = Time spent auto-exploring this place.
 F = Levels seen in this place.
 G = Mean time per level.
                   A        B        C        D        E       F      G
               +--------+--------+--------+--------+--------+-----+--------+
         Total |   2750 |   2670 |     80 |    135 |   2032 |   4 |  687.5 |
       Dungeon |   2750 |   2670 |     80 |    135 |   2032 |   4 |  687.5 |
               +--------+--------+--------+--------+--------+-----+--------+

Top non-repeatable levels by time:
     D:3: 1017 daAuts
     D:1: 864 daAuts
     D:2: 714 daAuts
     D:4: 154 daAuts
